 Dungeon Sprint DCSS version 0.26-a0-971-g1d9d62bb61 (webtiles) character file.

Game seed: 3425302406558059480

23357 mhtbhm the Hoplite (level 12, -1/196 (199) HPs)
             Began as a Minotaur Fighter on Dec 4, 2020.
             Was the Champion of Trog.
             Incinerated by a balrug (2 damage)
             ... with a sticky flame
             ... in the Dungeon (Sprint V: "Ziggurat Sprint").
             The game lasted 00:06:26 (1542 turns).

mhtbhm the Hoplite (Minotaur Fighter)               Turns: 1542, Time: 00:06:26

HP:   -1/196 (199)  AC: 25    Str: 37    XL:     12   Next: 71%
MP:   11/11         EV: 12    Int:  6    God:    Trog [******]
Gold: 0             SH:  5    Dex: 10    Spells: 11/11 levels left

rFire    + + .     SeeInvis .   y - +8 frozen axe "Frostbite" {freezing cloud, *Noise +Fly rC+}
rCold    + + +     Faith    .   (shield currently unavailable)
rNeg     . . .     Spirit   .   b - +5 gold dragon scales
rPois    +         Reflect  +   (helmet restricted)
rElec    .         Harm     .   (no cloak)
rCorr    .         Rampage  .   (no gloves)
MR       +....     NoTele   +   (no boots)
Stlth    ..........             r - amulet of Kuredwat {Reflect rF++ MR+ Int-2 SH+5}
HPRegen  0.42/turn              D - +6 ring of strength
MPRegen  0.12/turn              A - ring of Untruth {Ice rPois Str+5 Int+3}

@: berserking, liquid flames, glowing, studying 2 skills, very quick
A: retaliatory headbutt, horns 2
a: Berserk, Trog's Hand, Brothers in Arms, Renounce Religion, Evoke Flight


You were in the Dungeon.
You worshipped Trog.
Trog was exalted by your worship.
You visited 1 branch

Inventory:

Hand Weapons
 l - a +5 vorpal executioner's axe
 y - the +8 frozen axe "Frostbite" (weapon) {freezing cloud, *Noise +Fly rC+}
   (You took it off a yaktaur in the Dungeon)

   It has been specially enchanted to freeze those struck by it, causing extra
   injury to most foes and up to half again as much damage against particularly
   susceptible opponents.
   It can also slow down cold-blooded creatures.
   It protects you from cold.
   It lets you fly.
   It may make noises in combat.
Armour
 b - +5 gold dragon scales (worn)
 c - the +18 shield of the Gong {rElec rN+ MR+ EV-5}
   (You found it in the Dungeon)

   It affects your evasion (-5).
   It insulates you from electricity.
   It protects you from negative energy.
   It affects your resistance to hostile enchantments.
 k - a +5 crystal plate armour
 F - the +15 Maxwell's patent armour {-Cast -Tele rElec MR+ rCorr}
   (You found it in the Dungeon)

   It insulates you from electricity.
   It affects your resistance to hostile enchantments.
   It prevents spellcasting.
   It prevents most forms of teleportation.
   It provides partial protection from all sources of acid and corrosion.
Jewellery
 r - the amulet of Kuredwat (around neck) {Reflect rF++ MR+ Int-2 SH+5}
   (You found it in the Dungeon)

   [amulet of reflection]

   It shields you and reflects attacks.
   It affects your intelligence (-2).
   It greatly protects you from fire.
   It affects your resistance to hostile enchantments.
   It affects your SH (+5).
 A - the ring of Untruth (right hand) {Ice rPois Str+5 Int+3}
   (You found it in the Dungeon)

   [ring of ice]

   It enhances your ice magic.
   It affects your strength (+5).
   It affects your intelligence (+3).
   It makes you vulnerable to fire.
   It protects you from cold.
   It protects you from poison.
 D - a +6 ring of strength (left hand)
 E - a +6 ring of strength
Wands
 v - a wand of disintegration (7)
 w - a wand of iceblast (7)
 x - a wand of acid (7)
Scrolls
 j - 3 scrolls of blinking
 m - 7 scrolls of fog
 n - a scroll of holy word
 o - 5 scrolls of identify
 p - 4 scrolls of remove curse
 q - 2 scrolls of fear
 H - 2 scrolls of brand weapon
Potions
 d - 6 potions of might
 e - 10 potions of curing
 f - 10 potions of heal wounds
 g - 6 potions of haste
 h - 7 potions of magic
 i - 3 potions of berserk rage
 s - 2 potions of invisibility
 t - 4 potions of resistance
 u - a potion of experience
Books
 C - a manual of
Armour
 G - a manual of Crossbows
Miscellaneous
 B - a tin of tremorstones (2/2)
 I - a phantom mirror


   Skills:
 + Level 20.0 Fighting
 + Level 17.5 Axes
 * Level 15.5 Armour
 + Level 10.5 Dodging
 - Level 0.3 Stealth
 - Level 22.7 Shields


You had 11 spell levels left.
You didn't know any spells.
Your spell library was empty.

Dungeon Overview and Level Annotations

Branches:
Dungeon (1/1)

Altars:
Ashenzari
Cheibriados
Dithmenos
Elyvilon
Fedhas
Gozag
Hepliaklqana
Kikubaaqudgha
Makhleb
Nemelex Xobeh
Okawaru
Qazlal
Ru
Sif Muna
Trog
Uskayaw
Vehumet
Wu Jian
Xom
Yredelemnul
Zin
The Shining One
Beogh
Jiyva
Lugonu

Annotations:
D 1 transporter


Innate Abilities, Weirdness & Mutations

You reflexively headbutt those who attack you in melee.
You have a pair of horns on your head.


Message History

You freeze the lich. You hit the vault guard. You freeze the vault guard.
You closely miss the vault guard.
You are covered in liquid flames!
The vault guard completely misses you.
The yaktaur shoots a bolt.
The bolt barely misses you.
The vault guard is engulfed in freezing vapours.
The vault guard barely misses you.
The vault guard hits you but does no damage.
You block the shadow dragon's attack. The shadow dragon barely misses you.
The shadow dragon claws you but does no damage.
Unknown command.
You chop the vault guard into pieces!!! You freeze the vault guard!
You kill the vault guard!
Trog accepts your kill.
You barely miss the vault guard. You hit the vault guard.
You freeze the vault guard. You slash the shadow dragon!
You freeze the shadow dragon. You barely miss the vault guard.
You slice the lich!!
You are covered in liquid flames!
You die...

▓.........▓ ▓..|......▓
▓...).....▓
▓▓▓▓▓▓▓▓▓▓▓▓▓.▓.....▓.▓
▓....8©8....▓....©....▓
▓..|.[:[[[..▓▓▓▓▓▓▓▓▓▓▓
▓...[)c:)...▓...8©8...▓
▓...cp☼L....▓..=.[.}..▓
▓....p@pp...▓...|}}...▓
▓....D)☼....▓.........▓
▓...........▓.........▓
▓..........(▓.....|...▓
▓..▓.....▓..▓...))....▓
▓.....(.....▓.▓.....▓.▓
▓.....©.....▓....©....▓
▓▓▓▓▓▓▓▓▓▓▓▓▓▓▓▓▓▓▓▓▓▓▓
▓...8©8...▓...8©8...▓..


You could see a shadow dragon, a lich, 4 vault guards and 2 yaktaurs.

Vanquished Creatures
  A lich (D)
  A tentacled starspawn (D)
  3 vault guards (D)
  4 dancing weapons (D)
  A wretched star (D)
  A deep elf knight (D)
  3 deep elf archers (D)
  5 deep elf magi (D)
  A worldbinder (D)
  A smoke demon (D)
  2 rust devils (D)
  A rime drake (D)
  A yaktaur (D)
  3 guardian mummies (D)
  A jumping spider (D)
  2 polar bears (D)
  A flying skull (D)
  A tarantella (D)
  A wraith (D)
  2 ushabtiu (D)
  A fire elemental (D)
  A water moccasin (D)
  A hell hound (D)
  3 centaurs (D)
  2 scorpions (D)
  A crimson imp (D)
  6 starcursed masses (D)
  2 quasits (D)
  2 orc priests (D)
  An orc wizard (D)
  An iron imp (D)
  4 mummies (D)
  An adder (D)
  A white imp (D)
  4 ufetubi (D)
  An adder zombie (D)
  An adder skeleton (D)
  2 orcs (D)
  A bat skeleton (D)
  A bat zombie (D)
  3 ball pythons (D)
  2 bat simulacra (D)
  A quokka skeleton (D)
  3 starspawn tentacles (D)
82 creatures vanquished.

Vanquished Creatures (collateral kills)
  A pandemonium lord (D)
  A starcursed mass (D)
  A large abomination (D)
  An air elemental (D)
  A mummy (D)
5 creatures vanquished.

Vanquished Creatures (others)
  A fire elemental (D)
  A starspawn tentacle (D)
2 creatures vanquished.

Grand Total: 89 creatures vanquished

Notes
Turn   | Place    | Note
-------+----------+-------------------------------------------
     0 | D        | mhtbhm the Minotaur Fighter began the quest for the Orb.
     0 | D        | Reached XP level 1. HP: 19/19 MP: 0/0
    19 | D        | Found a blossoming altar of Fedhas.
    20 | D        | Found the +6 Majin-Bo {vamp, MP+6 Int+6}
    20 | D        | Found the +9 heavy crossbow "Sniper" {vorpal, Acc+∞ SInv}
    20 | D        | Found the +10 dark maul {vorpal}
    20 | D        | Found the +15 Maxwell's patent armour {-Cast -Tele rElec
                  | MR+ rCorr}
    20 | D        | Found the +18 shield of the Gong {rElec rN+ MR+ EV-5}
    20 | D        | Found the cursed +14 obsidian axe {vorpal, +Fly SInv
                  | *Curse}
    20 | D        | Found the +7 great mace "Firestarter" {inner flame, rF++}
    20 | D        | Found the +6 shillelagh "Devastator" {shatter}
    20 | D        | Found the +11 plutonium sword {*Contam Stlth-}
    20 | D        | Found the +8 lance "Wyrmbane" {slay drac, rPois rF+ rC+
                  | AC+3}
    20 | D        | Found the +9 sword of Zonguldrok {reap}
    20 | D        | Found the cursed +13 scythe of Curses {drain, *Curse}
    20 | D        | Found the +0 sword of Power
    20 | D        | Found the +7 mace of Variability {chain chaos}
    20 | D        | Found the +7 Singing Sword {vorpal, sonic wave}
    20 | D        | Found the +8 storm bow {elec, penet}
    22 | D        | Found a transporter.
    22 | D        | Found a viscous altar of Jiyva.
    22 | D        | Found an ancient bone altar of Kikubaaqudgha.
    22 | D        | Found a hazy altar of Hepliaklqana.
    22 | D        | Found a corrupted altar of Lugonu.
    22 | D        | Found an opulent altar of Gozag.
    22 | D        | Found a burning altar of Makhleb.
    26 | D        | Found a stormy altar of Qazlal.
    26 | D        | Found an iron altar of Okawaru.
    26 | D        | Found a sacrificial altar of Ru.
    26 | D        | Found a sparkling altar of Nemelex Xobeh.
    26 | D        | Found a shimmering blue altar of Sif Muna.
    26 | D        | Found a bloodstained altar of Trog.
    75 | D        | Became a worshipper of Trog the Wrathful
   136 | D        | Entered arena 2.
   136 | D        | Found a transporter.
   138 | D        | Reached skill level 4 in Shields
   138 | D        | Reached XP level 2. HP: 28/28 MP: 1/1
   245 | D        | Entered arena 3.
   245 | D        | Noticed a water moccasin
   245 | D        | Found a transporter.
   247 | D        | Reached * piety under Trog
   250 | D        | Killed a water moccasin
   251 | D        | Reached skill level 5 in Axes
   251 | D        | Reached skill level 7 in Shields
   251 | D        | Reached XP level 3. HP: 39/39 MP: 2/2
   251 | D        | Reached XP level 4. HP: 47/47 MP: 3/3
   255 | D        | Got the amulet of Kuredwat {Reflect rF++ MR+ Int-2 SH+5}
   266 | D        | Entered arena 4.
   266 | D        | Noticed a yaktaur
   266 | D        | Noticed a centaur
   266 | D        | Noticed a centaur
   266 | D        | Noticed a centaur
   266 | D        | Found a transporter.
   268 | D        | Killed a centaur
   268 | D        | Reached ** piety under Trog
   269 | D        | Reached skill level 8 in Shields
   269 | D        | Reached XP level 5. HP: 32/53 MP: 4/4
   270 | D        | Killed a centaur
   271 | D        | Reached XP level 6. HP: 38/62 MP: 5/5
   273 | D        | Killed a yaktaur
   274 | D        | Reached skill level 5 in Dodging
   274 | D        | Reached skill level 10 in Shields
   274 | D        | Reached XP level 7. HP: 35/71 MP: 6/6
   452 | D        | Entered arena 5.
   452 | D        | Noticed a tarantella
   452 | D        | Noticed a jumping spider
   452 | D        | Found a transporter.
   457 | D        | Killed a jumping spider
   457 | D        | Reached *** piety under Trog
   458 | D        | Reached skill level 10 in Fighting
   459 | D        | Killed a tarantella
   460 | D        | Reached skill level 10 in Axes
   460 | D        | Reached skill level 11 in Shields
   460 | D        | Reached XP level 8. HP: 76/81 MP: 7/7
   467 | D        | Entered arena 6.
   467 | D        | Found a transporter.
   469 | D        | Reached **** piety under Trog
   473 | D        | Reached ***** piety under Trog
   487 | D        | Got the ring of Untruth {Ice rPois Str+5 Int+3}
   492 | D        | Entered arena 7.
   492 | D        | Noticed a rime drake
   492 | D        | Noticed a polar bear
   492 | D        | Noticed a polar bear
   493 | D        | Found a transporter.
   499 | D        | Killed a rime drake
   502 | D        | Killed a polar bear
   504 | D        | Killed a polar bear
   505 | D        | Reached skill level 10 in Armour
   505 | D        | Reached skill level 12 in Shields
   718 | D        | Entered arena 8.
   718 | D        | Noticed a deep elf mage
   718 | D        | Noticed a deep elf mage
   718 | D        | Noticed a deep elf mage
   718 | D        | Noticed a deep elf mage
   718 | D        | Noticed a deep elf knight
   719 | D        | Found a transporter.
   723 | D        | Killed a deep elf knight
   724 | D        | Reached XP level 9. HP: 89/89 MP: 8/8
   724 | D        | Killed a deep elf mage
   724 | D        | Received a gift from Trog
   724 | D        | Killed a deep elf mage
   724 | D        | Reached ****** piety under Trog
   725 | D        | Reached skill level 13 in Shields
   725 | D        | Killed a deep elf mage
   726 | D        | Reached skill level 10 in Dodging
   728 | D        | Killed a deep elf mage
   729 | D        | Reached skill level 14 in Shields
   729 | D        | Reached XP level 10. HP: 99/99 MP: 9/9
   763 | D        | Entered arena 9.
   764 | D        | Found a transporter.
   767 | D        | Received a gift from Trog
  1060 | D        | Entered arena 10.
  1060 | D        | Noticed a rust devil
  1060 | D        | Noticed Puoto the pandemonium lord
  1060 | D        | Noticed a rust devil
  1060 | D        | Noticed a smoke demon
  1061 | D        | Found a transporter.
  1065 | D        | Received a gift from Trog
  1066 | D        | Killed a rust devil
  1067 | D        | Reached skill level 15 in Shields
  1069 | D        | Killed a smoke demon
  1070 | D        | Reached skill level 16 in Shields
  1073 | D        | Killed a rust devil
  1076 | D        | Killed Puoto the pandemonium lord
  1077 | D        | Reached skill level 21 in Shields
  1077 | D        | Reached XP level 11. HP: 115/115 MP: 10/10
  1128 | D        | Entered arena 11.
  1129 | D        | Found a transporter.
  1131 | D        | Received a gift from Trog
  1139 | D        | Received a gift from Trog
  1179 | D        | Entered arena 12.
  1179 | D        | Noticed a +0 vorpal halberd
  1179 | D        | Noticed a deep elf archer
  1179 | D        | Noticed a deep elf mage
  1179 | D        | Noticed a +4 hand axe of electrocution
  1179 | D        | Noticed a deep elf archer
  1179 | D        | Noticed a +3 trident of freezing
  1180 | D        | Noticed a deep elf archer
  1180 | D        | Noticed a +4 trident of flaming
  1182 | D        | Found a transporter.
  1183 | D        | Killed a +3 trident of freezing
  1187 | D        | Killed a deep elf archer
  1190 | D        | Killed a deep elf archer
  1191 | D        | Reached skill level 22 in Shields
  1192 | D        | Killed a deep elf mage
  1197 | D        | Killed a +4 hand axe of electrocution
  1197 | D        | Received a gift from Trog
  1197 | D        | Killed a +0 vorpal halberd
  1198 | D        | Reached XP level 12. HP: 93/126 MP: 11/11
  1299 | D        | Entered arena 13.
  1299 | D        | Noticed a starcursed mass
  1299 | D        | Noticed a tentacled starspawn
  1301 | D        | Found a transporter.
  1305 | D        | Received a gift from Trog
  1305 | D        | Paralysed by accursed screaming for 1 turns
  1310 | D        | Killed a tentacled starspawn
  1311 | D        | Reached skill level 15 in Axes
  1311 | D        | Received a gift from Trog
  1311 | D        | Paralysed by accursed screaming for 1 turns
  1322 | D        | Killed a starcursed mass
  1367 | D        | Entered arena 14.
  1534 | D        | Noticed a lich
  1534 | D        | Noticed a vault guard
  1534 | D        | Noticed a vault guard
  1534 | D        | Noticed a lich
  1534 | D        | Noticed a vault guard
  1534 | D        | Noticed a vault guard
  1534 | D        | Noticed a shadow dragon
  1535 | D        | Found a transporter.
  1535 | D        | Noticed a vault guard
  1535 | D        | Noticed a vault guard
  1535 | D        | Identified the +7 leather armour "Zoumec" {rPois}
  1535 | D        | Noticed a vault guard
  1536 | D        | Noticed a balrug
  1539 | D        | Killed a vault guard
  1540 | D        | Killed a lich
  1540 | D        | HP: 4/195 [vault guard/+0 long sword (12)]
  1540 | D        | HP: 1/195 [shadow dragon (1)]
  1541 | D        | Reached skill level 15 in Armour
  1541 | D        | Killed a vault guard
  1542 | D        | Killed a vault guard
  1542 | D        | Incinerated by a balrug

Illustrated notes

Levels and vault maps discovered:
D:        sprint_v [room_start, room_1, room_2, room_3, room_4, room_5, room_6,
          room_7, room_8, room_9, room_10, room_11, room_12, room_13, room_14,
          room_15, room_16, room_17, room_18, room_19, room_20, room_21,
          room_22, room_23, room_24, room_25, room_26, room_27]

Skill      XL: |  1  2  3  4  5  6  7  8  9 10 11 12 |
---------------+-------------------------------------+-----
Fighting       | 4 7 8 9 10 11 12 17 18 20 | 20.0
Armour         | 4 6 7 8 9 10 12 15 | 15.5
Shields        | 4 7 8 10 11 12 14 21 22 | 22.7
Axes           | 5 6 8 10 12 14 17 | 17.5
Dodging        | 2 3 5 7 9 10 | 10.5
Stealth        | |  0.3

Action                   |  1- 3 |  4- 6 |  7- 9 | 10-12 || total
-------------------------+-------+-------+-------+-------++-------
Melee: Broad axe         |     7 |     4 |    24 |    52 ||    87
       Headbutt          |       |       |     3 |    13 ||    16
       Executioner's axe |       |       |       |     6 ||     6
Invok: Berserk           |       |       |     2 |     6 ||     8
  Use: Scroll            |       |       |     2 |     2 ||     4
 Stab: Distracted        |       |       |       |     1 ||     1
Armor: Gold dragon scale |     3 |     3 |    28 |    26 ||    60
Dodge: Dodged            |       |     1 |     4 |    13 ||    18
Block: Kite shield       |    12 |    15 |    67 |    81 ||   175
       Reflection        |       |     6 |     1 |     8 ||    15
       Other             |       |       |       |     6 ||     6

Table legend: (Time is in decaauts)
 A = Elapsed time spent in this place.
 B = Non-inter-level travel time spent in this place.
 C = Inter-level travel time spent in this place.
 D = Time resting spent in this place.
 E = Time spent auto-exploring this place.
 F = Levels seen in this place.
 G = Mean time per level.
                   A        B        C        D        E       F      G
               +--------+--------+--------+--------+--------+-----+--------+
         Total |   1615 |   1615 |      0 |   1097 |      0 |   1 | 1615.0 |
       Dungeon |   1615 |   1615 |      0 |   1097 |      0 |   1 | 1615.0 |
               +--------+--------+--------+--------+--------+-----+--------+

Top non-repeatable levels by time:
       D: 1615 daAuts
